[Event "Late-Titled-Tuesday-Blitz-August-29-2023"]
[Site "Chess.com"]
[Date "2023.08.29"]
[Round "6"]
[White "cthake"]
[Black "schachlana"]
[Result "0-1"]
[WhiteElo "1867"]
[BlackElo "2309"]
[TimeControl "180+1"]
[EndTime "15:04:09 PDT"]
[Termination "schachlana won by resignation"]

1. e4 c5 2. Nf3 e6 3. c4 Nc6 4. Nc3 e5 5. d3 g6 6. g3 Bg7 7.
Bg2 Nge7 8. O-O O-O 9. Nd5 d6 10. Be3 h6 11. Qd2 Kh7 12. h4 Be6 13. Rae1 Bg4 14. Nh2 Be6 15. f4 Bxd5 16. cxd5 Nd4 17. Nf3 f5 18. fxe5 dxe5 19. Nxd4 cxd4 20. Bf2 Ng8 21.
Kh2 Nf6 22. Bh3 Nh5 23. Qb4 b6 24. Rc1 Rc8 25. Rc6 Rxc6 26. dxc6 f4 27. g4 Ng3 28. Bxg3 fxg3+ 29. Kxg3 Bf6 30. g5 hxg5 31. hxg5 Be7 32. Qe1 Bxg5 33. Rxf8 Qxf8 34. Qf2 Bh4+ 0-1

[Event "Late-Titled-Tuesday-Blitz-August-29-2023"]
[Site "Chess.com"]
[Date "2023.08.29"]
[Round "6"]
[White "IlanSchnaider"]
[Black "Kostukov_Alex"]
[Result "1-0"]
[WhiteElo "2705"]
[BlackElo "2425"]
[TimeControl "180+1"]
[EndTime "15:04:10 PDT"]
[Termination "IlanSchnaider won by resignation"]

1. e4 c5 2. Nf3 g6 3. c3 Bg7 4. d4 cxd4 5. cxd4 d5 6. e5 Nc6 7. Be2 Nh6 8. O-O Bg4 9. Nbd2 O-O 10. h3 Bxf3 11. Nxf3 Nf5 12. g4 Nh6 13. Be3 f6 14.
Rc1 Nf7 15. e6 Nd6 16. Qb3 Qb6 17. Qxd5 Qxb2 18. Rfe1 Nb4 19. Qb3 Qxb3 20. axb3 Rfc8 21. Rc5 b6 22. Rxc8+ Rxc8 23. Bf4 Ne4 24. Bc4 f5 25. gxf5 gxf5 26. d5 a6 27. d6 b5 28.
d7 Ra8 29. Rd1 Nc6 30. Bd5 1-0

[Event "Late-Titled-Tuesday-Blitz-August-29-2023"]
[Site "Chess.com"]
[Date "2023.08.29"]
[Round "6"]
[White "Irishchessman16"]
[Black "DampFalcon"]
[Result "1-0"]
[WhiteElo "2497"]
[BlackElo "2364"]
[TimeControl "180+1"]
[EndTime "15:04:10 PDT"]
[Termination "Irishchessman16 won by resignation"]

1. e4 e5 2. Nf3 Nc6 3. Bc4 Bc5 4.
d3 Nf6 5. Bg5 d6 6. a4 a6 7. O-O Be6 8. Nbd2 O-O 9. c3 h6 10.
Bh4 Re8 11. Bxe6 Rxe6 12. Nc4 d5 13. exd5 Qxd5 14. Bxf6 Rxf6 15. Re1 Rd8 16. Ncxe5 Nxe5 17. Rxe5 Bxf2+ 18. Kf1 Qd6 19. d4 Bh4 20. Kg1 Bg5 21. Nxg5 hxg5 22. Rxg5 Re8 23. Qd2 Qe6 24. Re5 Qd7 25.
Rae1 Rxe5 26. Rxe5 Qxa4 27. h3 Qd7 28. Qe2 Re6 29. Qg4 Qe7 30. Rg5 Re1+ 31. Kh2 Qd6+ 32. g3 Qf6 33. Qc8+ Kh7 34. Rh5+ Kg6 35. Qg4+ 1-0

[Event "Late-Titled-Tuesday-Blitz-August-29-2023"]
[Site "Chess.com"]
[Date "2023.08.29"]
[Round "6"]
[White "Sanan_Sjugirov"]
[Black "reevecanada"]
[Result "1-0"]
[WhiteElo "2857"]
[BlackElo "2547"]
[TimeControl "180+1"]
[EndTime "15:04:14 PDT"]
[Termination "Sanan_Sjugirov won by checkmate"]

1. d4 d5 2. Nf3 c6 3. g3 Nf6 4.
Bg2 g6 5. c4 Bg7 6. Qb3 O-O 7.
Nc3 dxc4 8. Qxc4 b5 9. Qb3 Bb7 10. O-O Nbd7 11. Rd1 Qc7 12. Bf4 Qb6 13. e4 a6 14. e5 Nd5 15. Nxd5 cxd5 16. h4 Rfc8 17. h5 e6 18. Bf1 Rc6 19. Qe3 Rac8 20. Bd3 a5 21.
Bh6 Bh8 22. Qf4 Qd8 23. Bg5 Qb6 24. Be7 Re8 25. Bd6 Rxd6 26. exd6 Bf6 27. Rac1 Bc6 28. Rxc6 Qxc6 29. Rc1 Qa8 30. Bxb5 Qd8 31. Bxd7 g5 32.
Qg4 Qxd7 33. Nxg5 Kh8 34. Rc7 Qxc7 35. dxc7 Rg8 36. Nxf7# 1-0

[Event "Late-Titled-Tuesday-Blitz-August-29-2023"]
[Site "Chess.com"]
[Date "2023.08.29"]
[Round "6"]
[White "lamomiajunior"]
[Black "ural58"]
[Result "1-0"]
[WhiteElo "2748"]
[BlackElo "2527"]
[TimeControl "180+1"]
[EndTime "15:04:18 PDT"]
[Termination "lamomiajunior won on time"]

1. d4 d5 2. Nc3 Nf6 3. Bf4 a6 4.
e3 e6 5. g4 Bb4 6. Ne2 c5 7.
a3 Bxc3+ 8. Nxc3 cxd4 9. exd4 Nc6 10. g5 Ne4 11. Nxe4 dxe4 12. Be3 h6 13. gxh6 g6 14. Qd2 Qa5 15. c3 Bd7 16. Bg2 f5 17. Bg5 Ne7 18. O-O Bb5 19. Rfc1 Bd3 20. Bf1 Bxf1 21. Rxf1 Qc7 22. c4 O-O-O 23. Rfd1 Rdf8 24. d5 exd5 25.
cxd5 Qd7 26. Rac1+ Kb8 27. Qf4+ Ka8 28. Rc7 Qa4 29. Rd2 Nc8 30. d6 Nb6 31. d7 Ka7 32. d8=Q Rxd8 33. Bxd8 g5 34. Rxb7+ Kxb7 35. Qc7+ Ka8 36.
Qxb6 Qb5 37. Qxb5 axb5 38. Bxg5 1-0

[Event "Late-Titled-Tuesday-Blitz-August-29-2023"]
[Site "Chess.com"]
[Date "2023.08.29"]
[Round "6"]
[White "NovikovaGalina"]
[Black "Zavgorodniy_Sergiy"]
[Result "1-0"]
[WhiteElo "2419"]
[BlackElo "2525"]
[TimeControl "180+1"]
[EndTime "15:04:21 PDT"]
[Termination "NovikovaGalina won by checkmate"]

1. e4 c6 2. d4 d5 3. e5 Bf5 4. Nc3 e6 5. g4 Bg6 6. Nge2 c5 7. h4 cxd4 8. h5 Bxc2 9. Qxc2 dxc3 10. Nxc3 Nc6 11.
Bf4 Rc8 12. O-O-O a6 13. Kb1 Nge7 14. Bg2 b5 15. Qe2 Qb6 16. Rhe1 Na5 17. Bc1 Nc4 18. f4 Nc6 19. Bxd5 exd5 20. e6 f6 21. Nxd5 Qc5 22. g5 Be7 23. gxf6 Bxf6 24. Nxf6+ gxf6 25. Qg4 Ne7 26. Qg7 Rg8 27. Qf7# 1-0

[Event "Late-Titled-Tuesday-Blitz-August-29-2023"]
[Site "Chess.com"]
[Date "2023.08.29"]
[Round "6"]
[White "ilushka"]
[Black "jaskol95"]
[Result "0-1"]
[WhiteElo "2380"]
[BlackElo "2584"]
[TimeControl "180+1"]
[EndTime "15:04:23 PDT"]
[Termination "jaskol95 won by checkmate"]

1. e4 d5 2. exd5 Nf6 3. Nf3 Bg4 4. Be2 Qxd5 5. h3 Bh5 6. c4 Qd6 7. d4 e6 8. Nc3 Be7 9. Qa4+ c6 10. Be3 O-O 11.
O-O-O Nbd7 12. g4 Bg6 13. Nh4 b5 14. cxb5 cxb5 15. Nxb5 Rfc8+ 16. Nc3 Ne4 17. Nxg6 hxg6 18. Rd3 Nb6 19. Qc2 Nd5 20. Bf3 Nb4 21. Qe2 Nxa2+ 22.
Kc2 Naxc3 23. bxc3 Nxc3 24. Rxc3 Rxc3+ 25. Kxc3 Rc8+ 26. Kd3 Qa6+ 27. Ke4 f5+ 28. Kf4 Qd6# 0-1

[Event "Late-Titled-Tuesday-Blitz-August-29-2023"]
[Site "Chess.com"]
[Date "2023.08.29"]
[Round "6"]
[White "TigrVShlyape"]
[Black "tteshan"]
[Result "1/2-1/2"]
[WhiteElo "2858"]
[BlackElo "2572"]
[TimeControl "180+1"]
[EndTime "15:04:25 PDT"]
[Termination "Game drawn by repetition"]

1. d4 d5 2. Bf4 Nf6 3. e3 c5 4. c3 Nc6 5. Nd2 Bf5 6. Ngf3 e6 7. Bb5 Nd7 8. Qa4 Qc8 9. e4 dxe4 10. Ne5 Ndxe5 11.
dxe5 a6 12. Bxc6+ Qxc6 13. Qxc6+ bxc6 14. Nc4 Be7 15. h4 O-O 16. Ke2 Rfd8 17. Bg5 f6 18. Bf4 Kf7 19. Ne3 h5 20. Bg3 Bg6 21. Rhd1 Rd3 22. Rxd3 exd3+ 23. Kd2 Bd8 24. Nc4 Bc7 25. Re1 Rb8 26. b3 Rd8 27. Re3 Bf5 28. Re1 Bg6 29. Bf4 Bf5 30. Bg3 Bg6 1/2-1/2

[Event "Late-Titled-Tuesday-Blitz-August-29-2023"]
[Site "Chess.com"]
[Date "2023.08.29"]
[Round "6"]
[White "nitpicker"]
[Black "newyorkmouse"]
[Result "0-1"]
[WhiteElo "2295"]
[BlackElo "2472"]
[TimeControl "180+1"]
[EndTime "15:04:29 PDT"]
[Termination "newyorkmouse won on time"]

1. d4 Nf6 2. c4 a6 3. Nc3 b5 4. d5 b4 5. Nb1 e6 6. g3 exd5 7. Bg2 c5 8. Nh3 Ra7 9. cxd5 d6 10.
Nd2 g6 11. O-O Bg7 12. Nc4 O-O 13. a3 bxa3 14. Rxa3 Re8 15. Bd2 Nxd5 16. Ba5 Nc7 17. Nxd6 Re6 18. Ne4 Qxd1 19. Rxd1 Nc6 20. Nxc5 Bf8 21.
Bxc7 Bxc5 22. Rc3 Bd4 23. Rxc6 Rxc6 24. Bxc6 Rxc7 25. Bg2 Ba7 26. Nf4 Kg7 27. Nd5 Rc2 28. Rb1 Rxe2 29. Bf3 Rxf2 0-1

[Event "Late-Titled-Tuesday-Blitz-August-29-2023"]
[Site "Chess.com"]
[Date "2023.08.29"]
[Round "6"]
[White "Fore_Man"]
[Black "Lion_DL"]
[Result "1/2-1/2"]
[WhiteElo "2312"]
[BlackElo "2495"]
[TimeControl "180+1"]
[EndTime "15:04:32 PDT"]
[Termination "Game drawn - insufficient material"]

1. Nf3 Nf6 2. d4 e6 3. c4 b6 4. g3 Bb7 5. Bg2 Be7 6. O-O O-O 7. Nc3 Ne4 8. Qc2 Nxc3 9. Qxc3 d6 10. Qc2 f5 11. Nd2 Bxg2 12. Kxg2 Nd7 13. e4 fxe4 14. Nxe4 e5 15. d5 Nc5 16. f4 exf4 17. Bxf4 Nxe4 18. Qxe4 Qd7 19. Rae1 Rae8 20. Qe6+ Qxe6 21.
Rxe6 Bf6 22. Rxe8 Rxe8 23. b3 Bd4 24. Kf3 h6 25. Rd1 Bc5 26. h4 Kf7 27. Rd2 Re1 28.
Re2 Rf1+ 29. Kg4 a5 30. Bd2 Ra1 31. Bc3 Rc1 32. Bb2 Rf1 33. Re4 g6 34. Rf4+ Rxf4+ 35. Kxf4 h5 36. g4 hxg4 37. Kxg4 Be3 38. Bc3 Bc5 39. h5 gxh5+ 40. Kxh5 Ke7 41. Kg5 Kd7 42.
Kf5 c6 43. dxc6+ Kxc6 44. Ke6 b5 45. Bxa5 bxc4 46. bxc4 Ba3 47. Bd8 Kc5 48. Be7 Kxc4 49.
Bxd6 Bxd6 50. Kxd6 Kb4 51. a4 Kxa4 1/2-1/2

[Event "Late-Titled-Tuesday-Blitz-August-29-2023"]
[Site "Chess.com"]
[Date "2023.08.29"]
[Round "6"]
[White "YEIKO2017"]
[Black "Cluke86"]
[Result "0-1"]
[WhiteElo "2457"]
[BlackElo "2291"]
[TimeControl "180+1"]
[EndTime "15:04:33 PDT"]
[Termination "Cluke86 won by resignation"]

1. e4 e5 2. Nf3 Nc6 3. Bb5 g6 4. d4 exd4 5. Bg5 Be7 6. Bxe7 Qxe7 7. Bxc6 dxc6 8. Qxd4 Nf6 9. Nc3 O-O 10. O-O-O Bg4 11. Qe3 Rfe8 12. h3 Bxf3 13. gxf3 Rad8 14. Rxd8 Rxd8 15. e5 Nd5 16. Nxd5 cxd5 17. f4 c5 18. f5 d4 19. Qe4 Qg5+ 20. f4 Qxf5 21. Qxf5 gxf5 22. Rg1+ Kf8 23. Rg5 Ke7 24. Rxf5 Rg8 25. Rh5 Rg1+ 26. Kd2 Rf1 27. f5 c4 28. Ke2 Rc1 29.
Kd2 Rf1 30. e6 fxe6 31. Rxh7+ Kf6 32. fxe6 Kxe6 33. Rxb7 Rf2+ 34. Kd1 Rh2 35. Rxa7 Rxh3 36. b4 Rh1+ 37. Kd2 Rh2+ 38. Kc1 c3 39. Kd1 Kd5 40. a4 Kc4 41. b5 Rh1+ 42. Ke2 Rh2+ 43. Kf3 Rxc2 44.
b6 Rb2 45. a5 Kd3 46. Rc7 c2 47. Kf4 Rb5 48. b7 Rxb7 0-1

[Event "Late-Titled-Tuesday-Blitz-August-29-2023"]
[Site "Chess.com"]
[Date "2023.08.29"]
[Round "6"]
[White "dennisodessa"]
[Black "sorch29"]
[Result "1-0"]
[WhiteElo "2534"]
[BlackElo "2402"]
[TimeControl "180+1"]
[EndTime "15:04:37 PDT"]
[Termination "dennisodessa won by resignation"]

1. d4 Nf6 2. c4 g6 3. Nc3 d6 4. e4 Bg7 5. f3 O-O 6. Be3 c5 7. dxc5 dxc5 8. Qxd8 Rxd8 9. Bxc5 Nc6 10. Nge2 b6 11. Ba3 Ba6 12. Nb5 Rac8 13. Nec3 Nd7 14.
Be2 Nc5 15. Rd1 Nd4 16. Nxd4 Rxd4 17. Rxd4 Bxd4 18. Nb5 Bxb5 19. cxb5 Na4 20. Bxe7 Rc2 21. Bd1 Bf2+ 22. Kf1 Rxb2 23. Bxa4 Rb1+ 24. Kxf2 Rxh1 25. Bb3 Rxh2 26. Bd6 Rh1 27. Bb8 h5 28. Bxa7 h4 29. Bxb6 h3 30. gxh3 Rxh3 1-0

[Event "Late-Titled-Tuesday-Blitz-August-29-2023"]
[Site "Chess.com"]
[Date "2023.08.29"]
[Round "6"]
[White "hsd2016"]
[Black "JacksterThePro"]
[Result "1-0"]
[WhiteElo "2264"]
[BlackElo "2407"]
[TimeControl "180+1"]
[EndTime "15:04:38 PDT"]
[Termination "hsd2016 won on time"]

1. e4 g6 2. d4 d6 3. c4 Nf6 4.
Nc3 Bg7 5. h3 O-O 6. Bd3 e5 7.
d5 Nbd7 8. Nge2 Nc5 9. Bc2 a5 10. a3 Bd7 11. Rb1 a4 12. Be3 b6 13. O-O Qe8 14. Ng3 h6 15. Qd2 g5 16. Bxc5 bxc5 17.
Nd1 Qc8 18. Ne3 Kh7 19. Nef5 Ng8 20. Nh5 Bh8 21. Qe2 Nf6 22. Nhg3 Rg8 23. Ne7 Qd8 24.
Nxg8 Qxg8 25. Nf5 Qg6 26. g4 Re8 27. b3 axb3 28. Rxb3 Ba4 29. Rb7 Bxc2 30. Qxc2 h5 31. f3 hxg4 32. hxg4 Bg7 33. Kg2 Rh8 34. Rh1+ Kg8 35.
Rb8+ Bf8 36. Rxf8+ Kxf8 37. Rxh8+ Ng8 38. Qb2 Qf6 39.
Qb8+ 1-0

[Event "Late-Titled-Tuesday-Blitz-August-29-2023"]
[Site "Chess.com"]
[Date "2023.08.29"]
[Round "6"]
[White "rdarruda"]
[Black "h4parah5"]
[Result "0-1"]
[WhiteElo "2573"]
[BlackElo "2955"]
[TimeControl "180+1"]
[EndTime "15:04:41 PDT"]
[Termination "h4parah5 won by resignation"]

1. d4 Nf6 2. Nf3 g6 3. Nc3 d5 4. Bg5 Bg7 5. Bxf6 exf6 6. e3 O-O 7. Ne2 f5 8. h4 Re8 9. h5 a5 10. Qd2 c6 11. O-O-O Nd7 12. Nf4 Nf6 13. hxg6 hxg6 14. c4 a4 15. Kb1 a3 16. b3 Ne4 17. Qc2 Qa5 18. Rc1 Bd7 19. Nd3 b5 20. c5 b4 21.
Nde5 Nc3+ 22. Ka1 Qc7 23. Bd3 Ra5 24. Qd2 Rxe5 25. Nxe5 Bxe5 26. dxe5 Qxe5 27. Rxc3 Rxc5 28. Rc1 Rxc3 29. Rxc3 bxc3 30. Qc2 c5 31. g3 d4 32.
exd4 Qxd4 33. Kb1 Bc6 34. Kc1 Be4 35. Bxe4 fxe4 36. Qe2 Qd3 37. Qe1 Kg7 38. Qe3 Kg8 39.
Qe1 Kh7 40. Qe3 Qf1+ 41. Kc2 Qa1 42. Qxc3 Qxa2+ 43. Kd1 Qb1+ 0-1

[Event "Late-Titled-Tuesday-Blitz-August-29-2023"]
[Site "Chess.com"]
[Date "2023.08.29"]
[Round "6"]
[White "adiosabu"]
[Black "Levanzovsky"]
[Result "1-0"]
[WhiteElo "2626"]
[BlackElo "2414"]
[TimeControl "180+1"]
[EndTime "15:04:42 PDT"]
[Termination "adiosabu won by resignation"]

1. d4 Nf6 2. Nf3 e6 3. Bf4 d5 4.
e3 Bd6 5. Bd3 O-O 6. O-O b6 7.
Ne5 Ba6 8. Nd2 Bxd3 9. cxd3 c5 10. Rc1 Ne8 11. Qg4 Nd7 12. Ndf3 Rc8 13. dxc5 bxc5 14. b3 Nxe5 15. Bxe5 Bxe5 16. Nxe5 Nd6 17. Rc2 Qa5 18. Rfc1 Qa3 19. Nd7 Rfd8 20. Nxc5 Nb7 21. d4 Nxc5 22. dxc5 a5 23. h4 Rc6 24. h5 h6 25. Qd4 Rdc8 26.
g4 Qb4 27. Kg2 e5 28. Qxb4 axb4 29. f4 f6 30. Kf3 Kf7 31. e4 Ke6 32. f5+ 1-0

[Event "Late-Titled-Tuesday-Blitz-August-29-2023"]
[Site "Chess.com"]
[Date "2023.08.29"]
[Round "6"]
[White "ahkashefi2800"]
[Black "Garmendiarov"]
[Result "1-0"]
[WhiteElo "2582"]
[BlackElo "2333"]
[TimeControl "180+1"]
[EndTime "15:04:42 PDT"]
[Termination "ahkashefi2800 won by resignation"]

1. d3 d5 2. Nf3 Nf6 3. g3 g6 4. Bg2 Bg7 5. O-O O-O 6. Nbd2 Nc6 7. Rb1 a5 8. b3 e5 9. Bb2 Re8 10. e4 a4 11. Re1 h6 12. h3 Qd6 13. exd5 Nxd5 14. Nc4 Qc5 15. Nfxe5 Nxe5 16. Nxe5 Nc3 17. Bxc3 Qxc3 18. Nc4 Rd8 19. Qd2 axb3 20. axb3 Qxd2 21. Nxd2 Bc3 22. Re2 Ra2 23. Ne4 Bg7 24. Rbe1 c6 25. Nc5 Kf8 26. Ne4 f5 27. Nc5 Bc3 28. Rd1 Bd4 29.
b4 Re8 30. Rxe8+ Kxe8 31. Rd2 Ra1+ 32. Kh2 Rb1 33. Nb3 Bc3 34. Re2+ Kf7 35. b5 cxb5 36. Bd5+ Kf6 37. Re8 Bd7 38. Rd8 Bc6 39. Bxc6 bxc6 40. Rd6+ Kf7 41. Rxc6 Rb2 42. Rxc3 1-0

[Event "Late-Titled-Tuesday-Blitz-August-29-2023"]
[Site "Chess.com"]
[Date "2023.08.29"]
[Round "6"]
[White "chessS1r"]
[Black "Roedor"]
[Result "1-0"]
[WhiteElo "2593"]
[BlackElo "2435"]
[TimeControl "180+1"]
[EndTime "15:04:42 PDT"]
[Termination "chessS1r won on time"]

1. d4 Nf6 2. c4 g6 3. g3 Bg7 4. Bg2 O-O 5. Nc3 d6 6. e4 Nc6 7.
Nge2 e5 8. d5 Nd4 9. h3 c5 10.
dxc6 bxc6 11. O-O c5 12. Be3 Be6 13. b3 Ne8 14. f4 f5 15. exf5 Bxf5 16. g4 Nc2 17.
Bf2 Nxa1 18. gxf5 exf4 19. Bd5+ Kh8 20. Qxa1 Rxf5 21. Qd1 Rg5+ 22. Kh1 Nc7 23. Bf3 Qd7 24. Kh2 Re8 25. Ne4 Rge5 26. N2c3 d5 27. cxd5 Nxd5 28.
Nxc5 1-0

[Event "Late-Titled-Tuesday-Blitz-August-29-2023"]
[Site "Chess.com"]
[Date "2023.08.29"]
[Round "6"]
[White "slidingknight2775"]
[Black "Fuzesabonyilaci"]
[Result "1-0"]
[WhiteElo "2539"]
[BlackElo "2403"]
[TimeControl "180+1"]
[EndTime "15:04:42 PDT"]
[Termination "slidingknight2775 won on time"]

1. d4 Nf6 2. c4 g6 3. Nc3 d5 4.
Bg5 Bg7 5. Nf3 c6 6. e3 O-O 7. Be2 h6 8. Bh4 Bf5 9. O-O Nbd7 10. Rc1 Re8 11. h3 Qa5 12. Qb3 Rab8 13. Bg3 Rbc8 14. Qxb7 e5 15. Nxe5 Rb8 16. Qxc6 Rec8 17. Qa4 Qxa4 18.
Nxa4 Rb4 19. b3 Nxe5 20. Bxe5 dxc4 21. Rxc4 Rcxc4 22. Bxc4 Ne4 23. Bxg7 Nd2 24. Rc1 Kxg7 25. Nc5 Nb1 26. Nd3 Bxd3 27. Bxd3 Na3 28. Rc5 1-0

[Event "Late-Titled-Tuesday-Blitz-August-29-2023"]
[Site "Chess.com"]
[Date "2023.08.29"]
[Round "6"]
[White "Sajkochess"]
[Black "Chemim21"]
[Result "1-0"]
[WhiteElo "2418"]
[BlackElo "2289"]
[TimeControl "180+1"]
[EndTime "15:04:45 PDT"]
[Termination "Sajkochess won by resignation"]

1. e4 e5 2. Nf3 Nc6 3. Bc4 Bc5 4.
O-O d6 5. c3 Bb6 6. d4 Qe7 7.
a4 a6 8. Bg5 Nf6 9. Bd5 h6 10.
Bxf6 Qxf6 11. Na3 Ne7 12. Nc4 Nxd5 13. exd5 exd4 14. Nxb6 cxb6 15. Re1+ Kf8 16. Nxd4 g6 17. Qb3 Kg7 18. Qxb6 h5 19. Qc7 Qd8 20. Qxd8 Rxd8 21. Re7 Rb8 22. Rae1 Kf8 23. f4 Bd7 24. a5 b6 25. Nc6 Bxc6 26. dxc6 Rdc8 27. c7 Rb7 28.
Re8+ Rxe8 29. Rxe8+ 1-0

[Event "Late-Titled-Tuesday-Blitz-August-29-2023"]
[Site "Chess.com"]
[Date "2023.08.29"]
[Round "6"]
[White "enriquetejedor"]
[Black "Zhigalko_Sergei"]
[Result "1-0"]
[WhiteElo "2730"]
[BlackElo "2918"]
[TimeControl "180+1"]
[EndTime "15:04:47 PDT"]
[Termination "enriquetejedor won on time"]

1. d4 Nf6 2. Nf3 e6 3. Bg5 h6 4.
Bxf6 Qxf6 5. Nbd2 d6 6. e4 e5 7.
c3 Nd7 8. Bc4 c6 9. a4 g6 10.
O-O h5 11. a5 Bh6 12. Bd3 O-O 13. Nc4 Rb8 14. Ne3 Re8 15. Re1 Nf8 16. d5 Bg4 17. h3 Bxf3 18. Qxf3 Qxf3 19. gxf3 Bxe3 20. fxe3 cxd5 21.
exd5 Rec8 22. a6 b6 23. Bb5 Rc7 24. Ra4 Kg7 25. h4 Nh7 26. Bc6 f5 27. Kf2 Kf6 28.
Rg1 Rg8 29. Raa1 g5 30. hxg5+ Nxg5 31. Rh1 Rcg7 32. Rxh5 Nh3+ 33. Ke2 Rg2+ 34. Kd3 1-0

[Event "Late-Titled-Tuesday-Blitz-August-29-2023"]
[Site "Chess.com"]
[Date "2023.08.29"]
[Round "6"]
[White "nassimzrikem"]
[Black "viktorgen2021"]
[Result "0-1"]
[WhiteElo "2155"]
[BlackElo "2437"]
[TimeControl "180+1"]
[EndTime "15:04:47 PDT"]
[Termination "viktorgen2021 won by resignation"]

1. d4 Nf6 2. Nf3 g6 3. Bg5 Bg7 4. Nbd2 d6 5. e4 O-O 6. c3 c5 7. dxc5 dxc5 8. Bc4 Nc6 9. Qe2 a6 10. Bxf6 exf6 11. O-O b5 12. Bd5 Bb7 13. Rad1 Qc7 14. a4 Ne7 15. Bxb7 Qxb7 16. axb5 axb5 17. Nh4 Nc6 18. f4 Rfe8 19. f5 Ne5 20. Ndf3 c4 21. Rd5 Nd3 22. Nd4 g5 23. Nhf3 Nf4 24. Qc2 Nxd5 25.
exd5 Qxd5 26. Rd1 Qc5 27. Kh1 b4 28. cxb4 Qxb4 29. Nc6 Qc5 30. Nfd4 Rac8 31. b4 Qd5 32. b5 Bf8 33. Rc1 Bc5 34. Nf3 Be3 35. Qxc4 Qxf5 36. Rd1 Bb6 37. h3 Re4 38. Qb3 Rce8 39. Nfd4 Qf4 40. Qc3 Re3 41. Qb2 Re1+ 0-1

[Event "Late-Titled-Tuesday-Blitz-August-29-2023"]
[Site "Chess.com"]
[Date "2023.08.29"]
[Round "6"]
[White "kleinebeer98"]
[Black "VladimirKramnik"]
[Result "0-1"]
[WhiteElo "2758"]
[BlackElo "2953"]
[TimeControl "180+1"]
[EndTime "15:04:48 PDT"]
[Termination "VladimirKramnik won by resignation"]

1. e4 c5 2. Nf3 e6 3. d4 cxd4 4. Bg5 f6 5. Bc1 Bb4+ 6. Bd2 Bc5 7. Bd3 Nc6 8. O-O Nge7 9. Qe2 O-O 10. e5 Nxe5 11. Nxe5 fxe5 12. Qxe5 d6 13. Qh5 Nf5 14.
b4 Bb6 15. Na3 g6 16. Qh3 e5 17. Nc4 Ne3 18. Qh6 Ng4 19. Qg5 Bc7 20. f3 Qxg5 21.
Bxg5 Nf6 22. f4 e4 23. Bxf6 exd3 24. Bxd4 dxc2 25. Rac1 Bf5 26. Ne3 Bd3 27. Rf3 Be4 28. Rf2 d5 29. g3 Rac8 30. Nxc2 Bb6 31. Bxb6 axb6 32. Kf1 d4 0-1

[Event "Late-Titled-Tuesday-Blitz-August-29-2023"]
[Site "Chess.com"]
[Date "2023.08.29"]
[Round "6"]
[White "komogro"]
[Black "GianmarcoVaR"]
[Result "1-0"]
[WhiteElo "2485"]
[BlackElo "2709"]
[TimeControl "180+1"]
[EndTime "15:04:49 PDT"]
[Termination "komogro won on time"]

1. Nf3 Nf6 2. g3 d5 3. Bg2 Nc6 4. O-O e5 5. c4 d4 6. d3 a5 7. e3 dxe3 8. Bxe3 Be7 9. Nc3 O-O 10. d4 Ng4 11. d5 Nb4 12. Bc1 Bd6 13. h3 Nf6 14. a3 Na6 15. Be3 Re8 16. Nd2 Bc5 17. Nde4 Bxe3 18. fxe3 Nxe4 19. Nxe4 f5 20. Nc3 Qg5 21.
Qf3 Bd7 22. h4 Qe7 23. Rfd1 Nc5 24. b4 axb4 25. axb4 Rxa1 26. Rxa1 Nb3 27. d6 cxd6 28. Ra7 Be6 29. Nd5 Qd8 30. Qd1 b5 31. Qxb3 bxc4 32.
Qxc4 Kh8 33. Qc7 Qxc7 34. Nxc7 1-0

[Event "Late-Titled-Tuesday-Blitz-August-29-2023"]
[Site "Chess.com"]
[Date "2023.08.29"]
[Round "6"]
[White "andriipalchuk"]
[Black "Alphafischer2019"]
[Result "0-1"]
[WhiteElo "2669"]
[BlackElo "2532"]
[TimeControl "180+1"]
[EndTime "15:04:55 PDT"]
[Termination "Alphafischer2019 won on time"]

1. Nf3 c5 2. e4 Nc6 3. Bb5 g6 4. Bxc6 dxc6 5. d3 Bg7 6. h3 e5 7. O-O f6 8. Be3 b6 9. a3 Nh6 10. b4 cxb4 11. axb4 O-O 12. Nbd2 Nf7 13. Nc4 Be6 14. Qe2 Qc7 15. Nfd2 Rfd8 16. Ra6 Rab8 17. Rfa1 Rb7 18. Qf1 Qe7 19. f4 exf4 20. Qxf4 f5 21.
exf5 Bxf5 22. Rf1 b5 23. Na5 Bh6 24. Qxh6 Nxh6 25. Bxh6 Rb6 26. Rxb6 axb6 27. Nxc6 Qh4 28. Be3 Re8 29. Nf3 Qf6 30. Nce5 Qd6 31. Bd4 Qxb4 32. g4 Be6 33. c3 Qd6 34. Ng5 h6 35.
Ne4 Qd8 36. Nxg6 Kh7 37. Nf4 Rf8 38. Nxe6 Rxf1+ 39. Kxf1 Qa8 40. Nf4 Qa1+ 41. Kf2 b4 42. Nf6+ Kg7 43. N6d5+ Kf7 44. Nxb4 Qb2+ 45. Kf3 Qc1 46.
Nbd5 Qf1+ 47. Ke3 b5 48. Nb4 Qg1+ 49. Ke4 Qh1+ 50. Ke5 Qa1 0-1

[Event "Late-Titled-Tuesday-Blitz-August-29-2023"]
[Site "Chess.com"]
[Date "2023.08.29"]
[Round "6"]
[White "szachmistrz2500"]
[Black "AsaHoffmann"]
[Result "1/2-1/2"]
[WhiteElo "2485"]
[BlackElo "2368"]
[TimeControl "180+1"]
[EndTime "15:04:55 PDT"]
[Termination "Game drawn by repetition"]

1. Nf3 d6 2. g3 c6 3. Bg2 e5 4.
d3 Nf6 5. O-O Be7 6. e4 h6 7. c3 Be6 8. Re1 Qd7 9. d4 Qc7 10.
Nbd2 Nbd7 11. Nf1 O-O 12. h3 Nb6 13. g4 Nh7 14. Ng3 Rfe8 15. b3 a5 16. a4 Rad8 17. c4 exd4 18. Nxd4 Bf6 19. Ra2 Bc8 20. Bf4 Ng5 21.
c5 Na8 22. cxd6 Rxd6 23. e5 Rxd4 24. Qxd4 Be7 25. e6 Qb6 26. exf7+ Nxf7 27. Qc4 Bd7 28.
Rae2 Qd8 29. Be4 Nb6 30. Qc2 Nd5 31. Bxd5 cxd5 32. Qg6 Bb4 33. Rxe8+ Bxe8 34. Bxh6 Bc3 35. Nf5 Nd6 36. Qe6+ Bf7 37. Ne7+ Kf8 38. Ng6+ Kg8 39. Ne7+ Kf8 40. Ng6+ Kg8 41. Ne7+ 1/2-1/2

[Event "Late-Titled-Tuesday-Blitz-August-29-2023"]
[Site "Chess.com"]
[Date "2023.08.29"]
[Round "6"]
[White "aqibjbutt"]
[Black "Elshan1985"]
[Result "0-1"]
[WhiteElo "2000"]
[BlackElo "2787"]
[TimeControl "180+1"]
[EndTime "15:04:55 PDT"]
[Termination "Elshan1985 won on time"]

1. d4 Nf6 2. Nf3 c5 3. e3 b6 4. Be2 Bb7 5. O-O g6 6. Ne5 d6 7. Bf3 Qc8 8. Bxb7 Qxb7 9. Qf3 Qxf3 10. Nxf3 Nc6 11. c3 Bg7 12. b3 O-O-O 13. Bb2 h6 14. Nbd2 cxd4 15. cxd4 d5 16. Rac1 Kb7 17. Rxc6 Kxc6 18.
Ne5+ Kb7 19. Nxf7 Rc8 20. Nxh8 Rc2 21. Bc1 Bxh8 22. a4 Nd7 23. Rd1 e5 24. Nf3 e4 25.
Nd2 Bf6 26. Kf1 Be7 27. Ke2 Bb4 28. f3 Nf6 29. fxe4 Nxe4 30. Kd3 Rc3+ 31. Ke2 Rc2 32. Kd3 Rxc1 33. Rxc1 Nxd2 34. Rc2 Nxb3 35. Rf2 Bd6 36. Rf7+ Ka6 37. Rf6 Bxh2 38. Rxg6 Ka5 39.
Rxh6 Bg3 40. Rg6 Be1 41. e4 dxe4+ 42. Kxe4 Kxa4 43. d5 Nc5+ 44. Ke5 Bc3+ 45. Kd6 Kb5 46. Kc7 Be5+ 47. d6 Ne4 48. g4 Kc5 49. Kb7 Bxd6 50. Kxa7 b5 0-1

[Event "Late-Titled-Tuesday-Blitz-August-29-2023"]
[Site "Chess.com"]
[Date "2023.08.29"]
[Round "6"]
[White "cassoulet"]
[Black "NMJeevanK"]
[Result "1-0"]
[WhiteElo "2734"]
[BlackElo "2524"]
[TimeControl "180+1"]
[EndTime "15:04:57 PDT"]
[Termination "cassoulet won on time"]

1. e4 g6 2. Nc3 Bg7 3. h4 d6 4.
d4 Nf6 5. Be2 c5 6. dxc5 Qa5 7.
Bd2 Qxc5 8. h5 gxh5 9. Bxh5 Nc6 10. Bf3 Be6 11. Nge2 Ne5 12. Be3 Nxf3+ 13. gxf3 Qb4 14. Rg1 Rg8 15. Qd4 Qa5 16. Rg5 Qc7 17. O-O-O a6 18.
Rdg1 Kf8 19. Rxg7 Rxg7 20. Bh6 Bg4 21. Bxg7+ Kxg7 22. Rxg4+ Kh8 23. Nd5 Qa5 24. Nec3 e5 25.
Qd2 Nxg4 26. fxg4 Rg8 27. Nf6 Rg6 28. Qxd6 Kg7 29. Nh5+ Kh6 30. Qd2+ Rg5 31. Ng3 Kg6 32. Qd6+ Kg7 33. Nf5+ Rxf5 34. gxf5 f6 35. Qe7+ Kg8 36.
Qe6+ Kg7 37. Qe7+ Kg8 38. Qxf6 Qc5 39. Qd8+ Kg7 40. Qg5+ Kf7 41. f6 Qxf2 42. Qg7+ 1-0